Map: Beckett Industries LE

Players

Deckboy - Winner!

  • Race: Terran Terran
  • League: Gold

Pablo

  • Race: Terran Terran
  • League: Silver

VOD

Have the link to the VOD?

Description

Time

  • Played on: Sept. 27, 2021, 12:18 a.m.
  • Length: 7:36
Show
View Real Time Build Order
Export as new Build Order

Deckboy Terran - Winner!

Build Orders:  

Get SALT Encoding   

  12  0:00  SCV  
  13  0:13  SCV  
  14  0:21  Supply Depot  
  14  0:25  SCV  
  15  0:43  Barracks  
  15  0:48  SCV  
  15  0:49  Refinery  
  16  1:01  SCV  
  17  1:13  SCV  
  18  1:25  SCV  
  19  1:33  Barracks Tech Lab  
  19  1:38  SCV  
  20  1:54  Concussive Shells  
  20  2:03  Marauder  
  22  2:14  Supply Depot  
  22  2:17  Orbital Command  
  22  2:18  Supply Depot  
  22  2:36  Marauder  
  24  2:57  Marauder  
  26  3:19  Marauder  
  23  3:40  Marauder  
  25  3:55  Barracks  
  25  3:57  Barracks  
  25  4:00  Barracks  
  25  4:01  SCV, Marauder  
  28  4:13  SCV  
  29  4:23  Marauder  
  31  4:25  SCV  
  32  4:44  Marauder  
  34  4:55  Barracks Reactor x2  
  34  4:56  Barracks Reactor  
  34  5:00  Supply Depot  
  34  5:01  Supply Depot  
  34  5:03  Supply Depot  
  34  5:06  Marauder  
  36  5:27  Marauder  
  38  5:31  Marine  
  38  5:32  Marine x2  
  38  5:33  Marine x3  
  44  5:40  Supply Depot  
  44  5:42  Factory  
  44  5:48  Supply Depot  
  44  5:49  Marine  
  45  5:50  Marine x2  
  45  5:51  Marine x3  
  45  5:54  Marauder  
  45  5:56  Stimpack  
  52  6:07  Marine x2  
  52  6:08  Marine x2  
  52  6:09  Marine x2  
  52  6:25  Marine x2  
  53  6:26  Marine x3  
  53  6:27  Marine  
  53  6:28  Marauder  
  52  6:43  Marine x2  
  46  6:49  Marauder  
  46  7:08  Marine  
  46  7:09  Marine x5  
  46  7:11  Marauder  
Show
View Real Time Build Order
Export as new Build Order

Pablo Terran 

Build Orders:  

Get SALT Encoding   

  12  0:22  Supply Depot  
  12  0:27  SCV  
  13  0:39  SCV  
  14  0:42  Supply Depot  
  14  0:46  Barracks  
  14  0:51  SCV  
  15  1:00  Refinery  
  15  1:03  SCV  
  16  1:12  Refinery  
  16  1:16  SCV  
  17  1:28  SCV  
  18  1:33  Barracks  
  18  1:44  SCV  
  19  1:52  Barracks Reactor  
  19  1:56  SCV  
  20  2:08  SCV  
  21  2:20  SCV, Barracks Tech Lab, Factory  
  22  2:29  Marine x2  
  24  2:33  Orbital Command  
  24  2:54  Marine x2  
  24  2:57  Marauder  
  29  3:10  Widow Mine  
  28  3:20  Marauder, Marine  
  31  3:27  Marine  
  31  3:51  Supply Depot  
  31  4:12  Marine x2  
  31  4:13  Marauder, Widow Mine  
  37  4:30  Marine x2  
  39  4:42  Command Center  
  39  4:51  Supply Depot x2  
  39  5:13  Marauder, Marine x2  
  43  5:15  Supply Depot  
  43  5:18  Factory Tech Lab  
  43  5:28  Combat Shield  
  43  5:30  Marine x2  
  43  5:35  Marauder  
  47  5:47  Factory  
  47  5:55  SCV, Starport  
  43  6:15  SCV  
  41  6:27  SCV  
  41  6:31  Marine x2  
  44  6:33  Factory Reactor  
  44  6:34  Starport Reactor  
  44  6:39  SCV  
  38  6:46  Concussive Shells  
  30  6:50  Marine x2  
Tags
 
Add a new tag
Caveats
  • Supply blocks, unpowered buildings, or Contaminate may cause inaccurate times.
  • Supply counts are checked every 10 seconds.